 Dungeon Crawl Stone Soup version 0.27.1-33-g824d729ab1 (webtiles) character file.

Game seed: 8528483670307288980

10412 bearlyready the Grappler (level 11, -9/84 HPs)
             Began as a Ghoul Necromancer on Nov 24, 2021.
             Was an Elder of Hepliaklqana.
             Mangled by a two-headed ogre (27 damage)
             ... on level 10 of the Dungeon.
             The game lasted 00:24:51 (14335 turns).

bearlyready the Grappler (Ghoul Necromancer)       Turns: 14335, Time: 00:24:52

Health: -9/84      AC:  6    Str: 13    XL:     11   Next: 61%
Magic:  0/13       EV: 12    Int: 19    God:    Hepliaklqana [****..]
Gold:   980        SH:  0    Dex:  9    Spells: 0/14 levels left

rFire    . . .     SeeInvis .     - Unarmed
rCold    + . .     Faith    .   (no shield)
rNeg     + + +     Spirit   +   L - +0 steam dragon scales
rPois    ∞         Reflect  .   (no helmet)
rElec    .         Harm     .   v - +0 cloak
rCorr    +         Rampage  .   (no gloves)
Will     .....                  (no boots)
Stlth    ++........             f - amulet of guardian spirit
HPRegen  0.00/turn              e - ring of resist corrosion
MPRegen  0.13/turn              O - +6 ring of intelligence

@: inhibited regen
A: reduced essence, claws 1, cold resistance 1, negative energy resistance 3,
inhibited regeneration, torment resistance 2
a: Renounce Religion, Recall Ancestor, Ancestor Identity, Transference, Idealise


You were on level 10 of the Dungeon.
You worshipped Hepliaklqana.
Hepliaklqana was greatly pleased with you.
You visited 1 branch of the dungeon, and saw 10 of its levels.
You also visited: Bailey.

You collected 980 gold pieces.

Inventory:

Hand Weapons
 m - a +1 dagger of venom
Missiles
 q - 29 poisoned darts
 A - 5 boomerangs of dispersal
 F - 17 boomerangs
 H - 6 throwing nets (quivered)
 M - 6 curare-tipped darts
Armour
 a - a +0 robe
 k - a +0 ring mail
 s - a +0 pair of gloves
 v - a +0 cloak (worn)
 L - +0 steam dragon scales (worn)
 N - a +2 robe of willpower
Jewellery
 b - a ring of see invisible
 e - a ring of resist corrosion (left claw)
 f - an amulet of guardian spirit (around neck)
 o - an amulet of the acrobat
 O - a +6 ring of intelligence (right claw)
Wands
 u - a wand of paralysis (9)
 D - a wand of flame (9)
 J - a wand of polymorph (12)
 K - a wand of acid (9)
 Q - a wand of iceblast (5)
Scrolls
 c - a scroll of summoning {unknown}
 d - 2 scrolls of blinking {unknown}
 i - 3 scrolls of identify {unknown}
 r - 3 scrolls of vulnerability {unknown}
 w - 2 scrolls of magic mapping
 x - a scroll of brand weapon {unknown}
 y - 7 scrolls of teleportation {unknown}
 z - a scroll of silence {unknown}
 E - a scroll of noise {unknown}
 G - a scroll of enchant armour {unknown}
 P - a scroll of amnesia {unknown}
 R - a scroll of fear {unknown}
Potions
 g - 2 potions of berserk rage
 h - a potion of invisibility
 j - a potion of resistance {unknown}
 l - 2 potions of curing {unknown}
 n - a potion of heal wounds {unknown}
 p - 3 potions of attraction {unknown}
 t - a potion of brilliance {unknown}
 B - 3 potions of might {unknown}
 C - a potion of degeneration {unknown}
Miscellaneous
 I - a tin of tremorstones (inert)


   Skills:
 - Level 8.0 Fighting
 - Level 3.1 Throwing
 - Level 1.0 Armour
 + Level 3.8 Dodging
 - Level 3.2 Stealth
 - Level 11.0 Unarmed Combat
 - Level 2.0 Spellcasting
 + Level 9.5 Necromancy
 - Level 4.0 Invocations
 + Level 5.9 Evocations


You couldn't memorise any spells.
You knew the following spells:

 Your Spells              Type           Power      Damage    Failure   Level
a - Pain                  Necr           100%       1d9       1%          1
b - Animate Skeleton      Necr           76%        N/A       1%          1
c - Vampiric Draining     Necr           19%        2d8       1%          3
d - Animate Dead          Necr           19%        N/A       3%          4
e - Agony                 Necr           38%        N/A       10%         5

Your spell library contained the following spells:

 Spells                   Type           Power      Damage    Failure   Level
 Corpse Rot               Necr/Air       N/A        N/A       3%          2
 Corona                   Hex            1%         N/A       17%         1
 Blink                    Tloc           N/A        N/A       26%         2
 Ensorcelled Hibernation  Hex/Ice        2%         N/A       26%         2
 Poisonous Vapours        Pois/Air       2%         N/A       26%         2
 Slow                     Hex            1%         N/A       26%         2
 Call Canine Familiar     Summ           1%         N/A       45%         3
 Confusing Touch          Hex            1%         N/A       45%         3
 Gell's Gravitas          Tloc           0%         N/A       45%         3
 Lesser Beckoning         Tloc           0%         N/A       45%         3
 Portal Projectile        Hex/Tloc       2%         N/A       45%         3
 Teleport Other           Tloc           1%         N/A       45%         3
 Tukima's Dance           Hex            1%         N/A       45%         3
 Cause Fear               Hex            0%         N/A       86%         4
 Iskenderun's Mystic Bla  Conj/Tloc      1%         2d3       86%         4
 Leda's Liquefaction      Hex/Erth       0%         N/A       86%         4
 Freezing Cloud           Conj/Ice/Air   0%         6-21      99%         5
 Manifold Assault         Tloc           1%         N/A       99%         5
 Yara's Violent Unravell  Hex/Tmut       0%         3d3       99%         5
 Spellforged Servitor     Conj/Summ      0%         N/A       100%        7
 Dragon's Call            Summ           0%         N/A       100%        9
 Dragon Form              Tmut           Unusable   N/A       N/A         7
 Storm Form               Tmut/Air       Unusable   N/A       N/A         7

Dungeon Overview and Level Annotations

Branches:
Dungeon (10/15)            Temple (0/1) D:5             Orc (0/2) D:10
 Bailey (visited)
   Lair: D:8-11

Altars:
Ashenzari
Cheibriados
Elyvilon
Hepliaklqana
Nemelex Xobeh
Ru
Trog
Uskayaw
Vehumet
Xom
Yredelemnul
The Shining One

Shops:
D:1 [   D:4 :

Annotations:
D:3 2 runed translucent doors, bearlyready's ghost, amateur HuWn
D:6 2 transporters, pkoi's ghost, novice DrMo


Innate Abilities, Weirdness & Mutations

Your life essence is reduced to manifest your ancestor. (-10% HP)
You thrive by killing the living.
You are immune to poison.
You have sharp fingernails.
Your flesh is cold resistant. (rC+)
You are immune to negative energy. (rN+++)
You do not regenerate when monsters are visible.
You are immune to unholy pain and torment.


Message History

The orc zombie is destroyed!
Duaenre hits the two-headed ogre zombie with a +0 flail!
Duaenre blocks the ogre zombie's attack.
The hobgoblin zombie barely misses Duaenre.
The two-headed ogre zombie hits Duaenre.
The two-headed ogre zombie hits Duaenre but does no damage.
Duaenre hits the two-headed ogre zombie with a +0 flail!
The two-headed ogre zombie is destroyed!
Something hits Duaenre but does no damage.
The hobgoblin zombie hits Duaenre but does no damage.
The ogre zombie hits Duaenre but does no damage.
Duaenre hits the hobgoblin zombie with a +0 flail!
The hobgoblin zombie is destroyed!
Something hits Duaenre but does no damage.
Duaenre blocks something's attack.
Duaenre barely misses something.
Duaenre blocks something's attack.
Something hits Duaenre but does no damage.
Duaenre blocks the two-headed ogre zombie's attack. x2
The ogre zombie hits Duaenre!
Duaenre hits the two-headed ogre zombie with a +0 flail!
Something hits Duaenre but does no damage.
Duaenre misses something.
Duaenre blocks something's attack.
The two-headed ogre zombie hits Duaenre but does no damage.
Duaenre blocks the two-headed ogre zombie's attack.
The ogre zombie hits Duaenre but does no damage.
Duaenre hits the ogre zombie with a +0 flail.
Something hits Duaenre!
Duaenre is destroyed!
The two-headed ogre zombie hits you but does no damage.
The two-headed ogre zombie hits you! The two-headed ogre zombie hits you.
The two-headed ogre zombie barely misses you.
The two-headed ogre zombie hits you but does no damage.
The two-headed ogre zombie hits you.
The two-headed ogre hits you with a +0 giant club!
The two-headed ogre hits you with a +0 giant club!!
* * * LOW HITPOINT WARNING * * *
The two-headed ogre hits you with a +0 giant club!!
You die...

...............
.8.....>.....8. ##
............... #.
#.............#
####
#......Z......#
#⌠⌠# ...ZZ8ZZ...
##__# #Z{ZZ.# P..8
#O# #''# #@# ##..#
#.# #...# #.#
#.### #.# #.#
#.############.###
#.................
############.#..#.
#...... #...#..


You could see a two-headed ogre, 3 orc zombies, an ogre zombie, a two-headed
ogre zombie and 2 goblin skeletons.

Vanquished Creatures
  A two-headed ogre (D:9)
  Grinder (D:4)
  A hornet (D:9)
  8 yaks
  2 shadows
  Edmund (D:5)
  Menkaure (D:4)
  2 gnoll sergeants (Bailey)
  2 water moccasins (D:6)
  2 orc warriors
  A necrophage (D:5)
  An ogre (D:4)
  2 lemures (D:7)
  A phantom (D:10)
  A kobold brigand (D:8)
  A wyvern zombie (D:5)
  A water moccasin zombie (D:5)
  A water moccasin skeleton (D:6)
  A killer bee (D:5)
  A wight (D:10)
  2 jellies
  3 hounds
  4 orc priests
  2 iguanas
  A centaur skeleton (D:7)
  3 gnoll shamans
  6 orc wizards
  A scorpion zombie (D:5)
  An ogre zombie (D:10)
  16 gnolls
  4 adders
  A white imp (D:7)
  An adder skeleton (D:4)
  A worm (D:2)
  A dart slug (D:2)
  20 orcs
  8 ball pythons
  7 endoplasms
  2 giant cockroaches
  11 goblins
  5 hobgoblins
  4 jackals (D:3)
  9 kobolds
  3 quokkas
  4 bats
  3 frilled lizards
  2 goblin zombies (D:10)
  A hobgoblin skeleton (D:10)
  A hobgoblin zombie (D:10)
  6 orc zombies (D:10)
  5 rats
170 creatures vanquished.

Vanquished Creatures (collateral kills)
  2 two-headed ogres
  Pikel (D:8)
  A cyclops (D:9)
  Maggie (D:8)
  Psyche (D:8)
  A troll (D:9)
  A wraith (D:6)
  A wyvern (D:9)
  3 yaks
  2 two-headed ogre zombies (D:10)
  An ice beast (D:6)
  2 water moccasins
  A sky beast (D:5)
  A black bear (D:5)
  4 gnoll shamans (Bailey)
  A centaur (D:6)
  2 lemures (D:7)
  A phantom (D:10)
  Blork the orc (D:5)
  A bullfrog (D:8)
  5 gnoll sergeants
  2 wights (D:10)
  A bullfrog zombie (D:5)
  A jelly (D:5)
  3 hounds
  2 orc priests (D:9)
  4 orc wizards
  2 ogre zombies (D:10)
  A hound skeleton (D:5)
  13 gnolls
  3 adders
  A shadow imp (D:5)
  A white imp (D:7)
  11 orcs
  A goblin (D:7)
  A jackal (D:5)
  3 goblin zombies (D:10)
  A hobgoblin zombie (D:10)
  3 orc zombies (D:10)
88 creatures vanquished.

Vanquished Creatures (others)
  2 gnoll sergeants (Bailey)
  A gnoll (Bailey)
  2 knights
  4 ancestors (D:4)
  A plant (D:5)
10 creatures vanquished.

Grand Total: 268 creatures vanquished

Notes
Turn   | Place    | Note
-------+----------+-------------------------------------------
     0 | D:1      | bearlyready the Ghoul Necromancer began the quest for the
                  | Orb.
     0 | D:1      | Reached XP level 1. HP: 14/14 MP: 2/2
   795 | D:1      | Reached skill level 1 in Unarmed Combat
   795 | D:1      | Reached XP level 2. HP: 9/20 MP: 1/3
  1478 | D:1      | Reached skill level 2 in Unarmed Combat
  1511 | D:1      | Found Vuegyzy's Antique Armour Shoppe.
  2181 | D:2      | Reached XP level 3. HP: 26/26 MP: 4/4
  2241 | D:2      | Found a hazy altar of Hepliaklqana.
  2256 | D:2      | Became a worshipper of Hepliaklqana the Forgotten
  2450 | D:2      | Reached skill level 3 in Unarmed Combat
  3100 | D:3      | Reached * piety under Hepliaklqana
  3164 | D:3      | Reached XP level 4. HP: 29/29 MP: 5/5
  3195 | D:3      | Found a runed translucent door.
  3195 | D:3      | Noticed bearlyready's ghost (amateur HuWn)
  3195 | D:3      | Noticed a bullfrog
  3201 | D:3      | Found a broken altar of Ashenzari.
  3221 | D:3      | Found a runed translucent door.
  3268 | D:3      | Found a shimmering altar of Xom.
  3430 | D:3      | Reached skill level 1 in Invocations
  3509 | D:4      | Noticed Menkaure
  3694 | D:4      | Noticed Grinder
  3695 | D:4      | Paralysed by Grinder for 3 turns
  3723 | D:4      | Paralysed by Grinder for 5 turns
  3744 | D:4      | HP: 1/29 [Grinder (7)]
  3749 | D:4      | Killed Grinder
  3750 | D:4      | Reached skill level 4 in Unarmed Combat
  3750 | D:4      | Reached XP level 5. HP: 2/37 MP: 0/6
  3750 | D:4      | Reached XP level 6. HP: 2/45 MP: 0/7
  4115 | D:4      | Found Wiojo Kijoi's Book Emporium.
  4820 | D:4      | Reached skill level 5 in Unarmed Combat
  4949 | D:4      | Killed Menkaure
  4950 | D:4      | Reached XP level 7. HP: 27/52 MP: 6/8
  5197 | D:4      | Found a sacrificial altar of Ru.
  5247 | D:4      | Reached ** piety under Hepliaklqana
  5291 | D:4      | Remembered your ancestor Duaenre as a knight
  5527 | D:5      | Entered Level 5 of the Dungeon
  5573 | D:5      | Reached skill level 6 in Unarmed Combat
  5576 | D:5      | Found a staircase to the Ecumenical Temple.
  5700 | D:5      | Noticed a yak
  5701 | D:5      | Noticed a yak
  5702 | D:5      | Noticed a yak
  5702 | D:5      | Noticed a yak
  5702 | D:5      | Noticed a yak
  5956 | D:4      | Killed a yak
  5957 | D:4      | Reached skill level 5 in Fighting
  5965 | D:4      | Killed a yak
  5966 | D:4      | Reached XP level 8. HP: 6/62 MP: 2/9
  6274 | D:5      | Killed a yak
  6275 | D:5      | Reached skill level 7 in Unarmed Combat
  6345 | D:5      | Learned a level 1 spell: Animate Skeleton
  6349 | D:5      | Learned a level 3 spell: Vampiric Draining
  6354 | D:5      | Learned a level 4 spell: Animate Dead
  6581 | D:5      | Noticed Edmund
  6581 | D:5      | Noticed Blork the orc
  6588 | D:5      | Killed Edmund
  6589 | D:5      | Reached skill level 8 in Unarmed Combat
  6589 | D:5      | Reached skill level 5 in Necromancy
  6597 | D:5      | Killed Blork the orc
  6609 | D:5      | Reached XP level 9. HP: 21/67 MP: 2/11
  7241 | D:5      | Reached skill level 9 in Unarmed Combat
  7644 | D:6      | Reached *** piety under Hepliaklqana
  7762 | D:6      | Found a transporter.
  7796 | D:6      | Reached skill level 1 in Evocations
  8322 | D:6      | Found a transporter.
  8322 | D:6      | Noticed pkoi's ghost (novice DrMo)
  8565 | D:6      | Found a sparkling altar of Nemelex Xobeh.
  8657 | D:7      | Found a basalt altar of Yredelemnul.
  8741 | D:7      | Reached skill level 10 in Unarmed Combat
  8766 | D:7      | Found a flagged portal.
  8777 | Bailey   | Entered a bailey
  8785 | Bailey   | Reached XP level 10. HP: 52/74 MP: 9/12
  9000 | Bailey   | HP: 3/74 [gnoll (6)]
  9644 | Bailey   | HP: 2/75 [gnoll sergeant (13)]
 10650 | D:7      | Got the Guide on Attacks
 10729 | D:7      | Found a bloodstained altar of Trog.
 10993 | D:8      | Noticed a two-headed ogre
 11004 | D:7      | Killed a two-headed ogre
 11005 | D:7      | Reached skill level 1 in Throwing
 11384 | D:8      | Noticed Pikel
 11395 | D:8      | Killed Pikel
 11660 | D:8      | Noticed Maggie
 11665 | D:8      | Paralysed by Maggie for 5 turns
 11672 | D:8      | Killed Maggie
 12070 | D:8      | Noticed a two-headed ogre
 12078 | D:8      | Killed a two-headed ogre
 12079 | D:8      | Reached XP level 11. HP: 82/82 MP: 13/13
 12237 | D:8      | Noticed Psyche
 12246 | D:8      | Killed Psyche
 12452 | D:9      | Reached skill level 11 in Unarmed Combat
 12463 | D:9      | Learned a level 5 spell: Agony
 12665 | D:9      | Reached **** piety under Hepliaklqana
 12702 | D:9      | Noticed a cyclops
 12710 | D:9      | Killed a cyclops
 13011 | D:9      | Reached skill level 1 in Armour
 13011 | D:9      | Reached skill level 5 in Evocations
 13140 | D:9      | Found a hide-covered altar of Uskayaw.
 13143 | D:9      | Noticed a +0 hand axe
 13143 | D:9      | Noticed a +0 dagger
 13600 | D:9      | Noticed a two-headed ogre
 13604 | D:9      | Killed a two-headed ogre
 13737 | D:10     | Entered Level 10 of the Dungeon
 14214 | D:10     | Found a radiant altar of Vehumet.
 14254 | D:10     | Found a hazy altar of Hepliaklqana.
 14254 | D:10     | Found a snail-covered altar of Cheibriados.
 14276 | D:10     | Found a staircase to the Orcish Mines.
 14303 | D:10     | Noticed a two-headed ogre
 14335 | D:10     | Mangled by a two-headed ogre

Illustrated notes

Levels and vault maps discovered:
D:1:      mainiacjoe_arrival_reflecting_pool, layout_basic, serial_shops, shop
D:2:      layout_loops_cross, basic_altar
D:3:      layout_rooms, nicolae_overflow_hidden_temple, xom_butterflies,
          ebering_ghost_sewer_f
D:4:      wander_river, layout_loops_ring, nicolae_ru_sacrificial_ziggurat,
          serial_shops, kennysheep_little_box, uniq_grinder, uniq_menkaure
D:5:      minmay_polygon_palace, layout_gridville, mainiacjoe_overflow_catwalk,
          tso_oasis_becter, minmay_temple_entry_mini_moons, uniq_edmund,
          uniq_blork_the_orc
D:6:      layout_cave_pods, nemelex_xobeh_ov_fountains_minmay,
          gammafunk_ghost_mausoleum
D:7:      layout_cave_pools, lightli_temple_of_fire, overflow_temple_1_default,
          enter_bailey_3
D:8:      layout_loops_ring, st_stairs_1, uniq_pikel, uniq_psyche, uniq_maggie
D:9:      layout_roguey, dancing_weapons_uskayaw
D:10:     layout_basic, vehumet_crystals, gammafunk_temple_overflow_wave,
          zombieorc2_lemuel

Skill      XL: |  1  2  3  4  5  6  7  8  9 10 11 |
---------------+----------------------------------+-----
Unarmed Combat | 1 2 3 4 5 6 8 10 11 | 11.0
Invocations    | 2 3 4 |  4.0
Fighting       | 2 3 5 6 7 8 |  8.0
Necromancy     | 5 7 8 9 |  9.5
Evocations     | 2 4 5 |  5.9
Spellcasting   | 2 |  2.0
Throwing       | 2 3 |  3.1
Stealth        | 3 |  3.2
Dodging        | 3 |  3.8
Armour         | 1 |  1.0

Action                   |  1- 3 |  4- 6 |  7- 9 | 10-12 || total
-------------------------+-------+-------+-------+-------++-------
Melee: Unarmed           |   151 |   125 |   173 |   265 ||   714
       Punch             |       |     2 |     3 |    12 ||    17
Throw: Dart              |       |       |     3 |    22 ||    25
       Throwing net      |       |       |       |     3 ||     3
 Cast: Pain              |     3 |     6 |       |       ||     9
       Animate Skeleton  |       |       |     1 |       ||     1
       Vampiric Draining |       |       |     1 |       ||     1
       Animate Dead      |       |       |       |     2 ||     2
Invok: Ancestor Life: Kn |       |       |     1 |       ||     1
       Recall Ancestor   |       |       |       |     3 ||     3
Evoke: Wand              |       |       |       |     7 ||     7
       Tin of tremorston |       |       |       |     2 ||     2
  Use: Potion            |       |     1 |       |     1 ||     2
       Scroll            |       |       |     1 |       ||     1
 Stab: Sleeping          |     4 |     2 |     1 |     4 ||    11
       Distracted        |       |       |     1 |       ||     1
Armor: Robe              |    19 |       |       |       ||    19
       Ring mail         |     5 |    26 |    85 |    30 ||   146
       Steam dragon scal |       |       |       |    26 ||    26
Dodge: Dodged            |    98 |    62 |   120 |   127 ||   407
